AoeStats
← ¬koJ

Arena

505949062Analyzed
4v4 RM · 22d ago on Sep 11, 2026· 35m 4s· 8 players
Game mode
Random Map
Map size
Large (8 player)
Population
200
Speed
Normal
Resources
Standard
Victory
Conquest
Starting age
Dark Age
Ending age
Imperial Age
RankedLock teamsTeams togetherTeam positionsShared explorationLock speedFull tech treeHidden civsTurbo modeCheats
Victory
Defeat
🇩🇪 Bohemians · Germany
1059
+15
🇩🇪 Inca · Germany
1031
+16
🇹🇷 Spanish · Türkiye
1014
+17
🇩🇪 Teutons · Germany
966
+19
🇧🇷 Byzantines · Brazil
1084
-20
🇬🇧 Hindustanis · United Kingdom
1068
-18
🇨🇱 Ethiopians · Chile
987
-15
🇳🇱 Spanish · Netherlands
975
-14
ButterMyHead
11:16 Feudal Age
17:44 Castle Age
15:54 Double-Bit Axe
16:22 Horse Collar
16:49 Gold Mining
18:16 Bloodlines
21:20 Stone Mining
23:38 Wheelbarrow
26:28 Hand Cart
29:04 Scale Barding Armor
29:39 Loom
32:48 Imperial Age
31:15 Scale Mail Armor
32:18 Town Watch
33:22 Cavalier
Cherokee
12:30 Feudal Age
14:21 Double-Bit Axe
16:57 Castle Age
14:46 Horse Collar
20:08 Bow Saw
20:28 Heavy Plow
24:42 Loom
27:29 Wheelbarrow
30:17 Imperial Age
27:41 Gold Mining
29:05 Stone Mining
30:12 Hand Cart
30:51 Elite Conquistador
33:27 Stone Shaft Mining
35:49 Two-Man Saw
Icke
6:53 Loom
10:41 Feudal Age
15:28 Castle Age
14:14 Double-Bit Axe
15:00 Horse Collar
16:29 Wheelbarrow
16:34 Heavy Plow
25:31 Hand Cart
25:41 Bow Saw
25:29 Gold Mining
25:40 Stone Mining
27:57 Town Watch
30:49 Imperial Age
28:46 Forging
28:37 Scale Mail Armor
29:45 Stone Shaft Mining
29:48 Gold Shaft Mining
30:03 Iron Casting
30:22 Chain Mail Armor
30:22 Squires
30:08 Arson
30:59 Elite Kamayuk
33:24 Fabric Shields
35:14 Plate Mail Armor
35:45 Blast Furnace
34:50 Town Patrol
Kim-Jong-Kill
11:45 Feudal Age
15:44 Castle Age
13:51 Double-Bit Axe
14:12 Horse Collar
21:57 Imperial Age
19:52 Padded Archer Armor
21:47 Chemistry
33:28 Leather Archer Armor
TigerTom90
10:20 Feudal Age
14:06 Castle Age
12:39 Double-Bit Axe
14:07 Horse Collar
15:43 Bow Saw
27:09 Imperial Age
25:09 Fletching
26:06 Padded Archer Armor
26:14 Gold Mining
26:18 Stone Mining
28:51 Chemistry
29:21 Wheelbarrow
28:32 Loom
29:03 Thumb Ring
29:14 Shatagni
29:37 Conscription
aclcbrn
10:12 Feudal Age
10:42 Double-Bit Axe
10:41 Horse Collar
16:31 Castle Age
17:42 Bow Saw
21:08 Gold Mining
27:25 Imperial Age
25:46 Wheelbarrow
25:15 Town Watch
25:16 Loom
26:12 Pikeman
26:52 Squires
26:38 Gambesons
27:30 Ballistics
27:03 Elite Skirmisher
29:11 Chemistry
28:05 Fletching
28:15 Padded Archer Armor
29:19 Two-Man Saw
28:24 Heavy Plow
29:37 Bodkin Arrow
29:58 Leather Archer Armor
32:40 Ring Archer Armor
32:11 Bracer
32:26 Stone Mining
Chocapic
11:36 Feudal Age
14:20 Horse Collar
17:36 Castle Age
17:33 Gold Mining
21:20 Wheelbarrow
21:28 Double-Bit Axe
25:52 Ballistics
25:40 Crossbowman
26:25 Thumb Ring
27:29 Hand Cart
¬koJ
10:18 Feudal Age
12:28 Wheelbarrow
11:47 Double-Bit Axe
16:06 Castle Age
14:44 Gold Mining
14:37 Horse Collar
15:20 Stone Mining
19:35 Fervor
20:32 Loom
23:10 Heavy Plow
24:34 Fletching
25:36 Hand Cart
26:22 Gold Shaft Mining
26:33 Scale Barding Armor
27:19 Bow Saw
28:02 Bodkin Arrow
31:00 Imperial Age
29:40 Stone Shaft Mining
29:49 Ballistics
28:57 Elite Skirmisher
29:44 Thumb Ring
Connection lost

Rejoining the realm…

Still unreachable

The connection could not be restored.

Session expired

The server has moved on; the page needs a fresh start.